 Dungeon Crawl Stone Soup version 0.31-a0-1308-ga3cce3a448 (webtiles) character file.

Game seed: 12904169588400609607

15 Rennog the Sneak (level 2, -4/20 HPs)
             Began as a Gnoll Wanderer on Dec 20, 2023.
             Slain by a gnoll
             ... wielding a +0 spear
              (6 damage)
             ... on level 1 of the Dungeon.
             The game lasted 00:01:07 (317 turns).

Rennog the Sneak (Gnoll Wanderer)                    Turns: 317, Time: 00:01:07

Health: -4/20      AC:  3    Str: 10    XL:     2   Next: 50%
Magic:  2/2        EV: 11    Int:  9    God:
Gold:   43         SH:  5    Dex: 14    Spells: 1/1 levels left

rFire   . . .        a - +2 dagger
rCold   . . .        d - +0 buckler
rNeg    . . .        f - +0 leather armour
rPois   .            (no helmet)
rElec   .            (no cloak)
rCorr   .            (no gloves)
SInv    .            (no boots)
Will    .....        (no amulet)
Stlth   +++          (no ring)
HPRegen 0.23/turn    (no ring)
MPRegen 0.08/turn

%: no passive effects
@: invisible
A: fangs 1, strong nose, distributed training
a: no special abilities


You were on level 1 of the Dungeon.
You visited 1 branch of the dungeon, and saw 1 of its levels.

You collected 43 gold pieces.

Inventory:

Hand Weapons
 a - a +2 dagger (weapon)
Armour
 d - a +0 buckler (worn)
 f - a +0 leather armour (worn)
Scrolls
 c - a scroll of teleportation
 e - a scroll of blinking
 g - a scroll of noise {unknown}
 h - a scroll of poison {unknown}
Potions
 i - a potion of curing {unknown}


   Skills:
 + Level 0.4 Fighting
 + Level 0.4 Short Blades
 + Level 0.4 Long Blades
 + Level 0.4 Axes
 + Level 0.4 Maces & Flails
 + Level 0.4 Polearms
 + Level 0.4 Staves
 + Level 0.4 Ranged Weapons
 + Level 2.5 Throwing
 + Level 2.5 Armour
 + Level 2.5 Dodging
 + Level 7.7 Stealth
 + Level 4.5 Shields
 + Level 2.5 Unarmed Combat
 + Level 0.4 Spellcasting
 + Level 0.2 Conjurations
 + Level 0.2 Hexes
 + Level 0.2 Summonings
 + Level 0.2 Necromancy
 + Level 0.2 Translocations
 + Level 0.2 Transmutations
 + Level 0.2 Fire Magic
 + Level 0.2 Ice Magic
 + Level 0.2 Air Magic
 + Level 0.2 Earth Magic
 + Level 0.2 Poison Magic
 + Level 0.5 Invocations
 + Level 0.4 Evocations
 + Level 0.3 Shapeshifting


You had one spell level left.
You didn't know any spells.
Your spell library was empty.

Dungeon Overview and Level Annotations

Branches:
Dungeon (1/15)

Altars:

Shops:
D:1 :(


Innate Abilities, Weirdness & Mutations

You have very sharp teeth.
Your uncanny sense of smell can sniff out nearby items.
Your experience applies equally to all skills.


Message History

A kobold is nearby!
The helpless kobold fails to defend itself.
You impale the kobold!!
You kill the kobold!
No target in view!
No target in view!
No target in view!
No target in view!
A gnoll comes into view. It is wielding a +0 spear.
You see here a metallic emerald potion.
A gnoll is nearby!
A gnoll is nearby!
The gnoll shouts!
The gnoll hits you but does no damage.
You hit the gnoll but do no damage. Your bite misses the gnoll.
The gnoll hits you with a +0 spear.
You hit the gnoll.
The gnoll is heavily wounded.
The gnoll hits you with a +0 spear.
You closely miss the gnoll. Your bite misses the gnoll.
The gnoll is heavily wounded.
The gnoll barely misses you.
You hit the gnoll but do no damage.
The gnoll is heavily wounded.
The gnoll hits you with a +0 spear.
You are too injured to fight recklessly!
You are too injured to fight recklessly!
You are too injured to fight recklessly!
You are too injured to fight recklessly!
You are too injured to fight recklessly!
You hit the gnoll. You bite the gnoll, but do no damage.
The gnoll is heavily wounded.
The gnoll hits you with a +0 spear.
* * * LOW HITPOINT WARNING * * *
You fade into invisibility!
The gnoll barely misses you.
You hit the gnoll but do no damage.
The gnoll is heavily wounded.
The gnoll hits you with a +0 spear.
You die...

###################
#......!...@g......
###.#################
#........# #........#
#........#
#........####
####............
........######## #
........########.


You could see a gnoll (unable to see you).

Vanquished Creatures
  A dart slug (D:1)
  A giant cockroach (D:1)
  2 goblins (D:1)
  A hobgoblin (D:1)
  A quokka (D:1)
  2 ball pythons (D:1)
  3 frilled lizards (D:1)
  2 kobolds (D:1)
  A rat (D:1)
14 creatures vanquished.

Notes
Turn   | Place    | Note
-------+----------+-------------------------------------------
     0 | D:1      | Rennog the Gnoll Wanderer began the quest for the Orb.
     0 | D:1      | Rennog set off with the following items: a +2 dagger, a
                  | potion of invisibility, a scroll of teleportation, a +0
                  | buckler, a scroll of blinking, a +0 leather armour.
     0 | D:1      | Reached XP level 1. HP: 13/13 MP: 1/1
   173 | D:1      | Found Suxitosh's Antique Weapon Boutique.
   215 | D:1      | Reached XP level 2. HP: 19/19 MP: 2/2
   267 | D:1      | Found Ynuvaory's Book Shoppe.
   317 | D:1      | Slain by a gnoll

Illustrated notes

Levels and vault maps discovered:
D:1:      nagdon_arrival_double_spiral, layout_basic, serial_shops, shop,
          nicolae_shop_bloodbath_and_beyond, shop_coins,
          nicolae_shop_statue_plus

Action                     || total
---------------------------++-------
  Melee: Dagger            ||    31
         Bite              ||     4
    Use: Potion            ||     1
   Stab: Sleeping          ||     3
 Armour: Leather armour    ||    13
  Dodge: Dodged            ||    10
  Block: Buckler           ||     1

Table legend: (Time is in decaauts)
 A = Elapsed time spent in this place.
 B = Non-inter-level travel time spent in this place.
 C = Inter-level travel time spent in this place.
 D = Time resting spent in this place.
 E = Time spent auto-exploring this place.
 F = Levels seen in this place.
 G = Mean time per level.
                   A        B        C        D        E       F      G
               +--------+--------+--------+--------+--------+-----+--------+
         Total |    318 |    314 |      4 |      0 |    203 |   1 |  318.0 |
       Dungeon |    318 |    314 |      4 |      0 |    203 |   1 |  318.0 |
               +--------+--------+--------+--------+--------+-----+--------+

Top non-repeatable levels by time:
     D:1: 318 daAuts
